 Dungeon Crawl Stone Soup version 0.28-a0-1190-g77e1c55843 (webtiles) character file.

Game seed: 16374731132166986696

24 ders the Magician (level 3, -2/25 HPs)
             Began as a Djinni Fire Elementalist on Dec 18, 2021.
             Slain by an adder (4 damage)
             ... on level 2 of the Dungeon.
             The game lasted 00:01:13 (1038 turns).

ders the Magician (Djinni Fire Elementalist)        Turns: 1038, Time: 00:01:14

Health: -2/25      AC:  2    Str:  7    XL:     3   Next: 15%
Gold:   47         EV: 12    Int: 18    God:
                   SH:  0    Dex: 13

rFire   + + +      SeeInvis .   g - +1 dagger (vamp)
rCold   x x .      Faith    .   (no shield)
rNeg    . . .      Spirit   .   a - +0 robe
rPois   ∞          Reflect  .   (no helmet)
rElec   .          Harm     .   (no cloak)
rCorr   .          Rampage  .   (no gloves)
Will    .....                   (boots unavailable)
Stlth   ++........              (no amulet)
HPRegen 0.08/turn               h - +4 ring of slaying
MPRegen 0.00/turn               j - ring of fire

@: flying
A: sickness immunity, fire resistance 2, cold vulnerability 1, float, innate
caster, hp casting, extra vitality 1
a: no special abilities


You were on level 2 of the Dungeon.
You visited 1 branch of the dungeon, and saw 2 of its levels.

You collected 47 gold pieces.

Inventory:

Hand Weapons
 g - a +1 vampiric dagger (weapon)
Armour
 a - a +0 robe (worn)
Jewellery
 h - a +4 ring of slaying (left hand)
 j - a ring of fire (right hand)
Scrolls
 c - a scroll of immolation {unknown}
 d - a scroll of summoning {unknown}
 e - a scroll of blinking {unknown}
 f - a scroll of amnesia {unknown}
Potions
 b - a potion of mutation {unknown}
 i - 2 potions of cancellation {unknown}
 k - a potion of attraction {unknown}


   Skills:
 + Level 2.7 Dodging
 - Level 1.5 Stealth
 * Level 3.0 Spellcasting


You couldn't memorise any spells.
You knew the following spells:

 Your Spells              Type           Power      Damage    Failure   Level
a - Foxfire               Conj/Fire      80%        2x1d8     4%          1
b - Scorch                Fire           40%        2d7       7%          2
c - Conjure Flame         Conj/Fire      20%        6-21      14%         3
d - Inner Flame           Hex/Fire       20%        N/A       14%         3
e - Flame Wave            Conj/Fire      20%        2d6       43%         4
f - Sting                 Tmut/Pois      52%        1d5       4%          1
Your spell library was empty.

Dungeon Overview and Level Annotations

Branches:
Dungeon (2/15)

Altars:


Innate Abilities, Weirdness & Mutations

You are immune to sickness and miasma.
You are immune to poison.
Your flesh is very heat resistant. (rF++)
You are vulnerable to cold. (rC-)
You float through the air rather than walking.
You learn spells naturally, not from books.
Your magical power is your life essence.
You have superior vitality. (+4 HP)


Message History

A quokka is nearby!
A quokka is nearby!
An adder comes into view.
The adder hisses angrily.
Casting: Foxfire (safe; 4% risk of failure)
Confirm with . or Enter, or press ? or * to list all spells.
You can't see any susceptible monsters within range! (Use Z to cast anyway.)
Found a scroll labelled PYOKHO FEIGOHO.
Casting: Foxfire (safe; 4% risk of failure)
Confirm with . or Enter, or press ? or * to list all spells.
Aiming: Sting (safe; 4% risk of failure)
Press: ? - help, Shift-Dir - straight line, f - quokka
Aim: a quokka (60% to hit)
The sting hits the quokka but does no damage.
The quokka is poisoned.
Casting: Sting (safe; 4% risk of failure)
Confirm with . or Enter, or press ? or * to list all spells.
You feel a surge of power!
You conjure some foxfire!
The foxfire hits the quokka.
The quokka is heavily wounded.
The adder bites you.
The foxfire hits the quokka.
You kill the quokka!
The adder bites you.
Unknown command.
Casting: Foxfire (safe; 4% risk of failure)
Confirm with . or Enter, or press ? or * to list all spells.
You feel a surge of power!
Flames lash the adder.
The adder is severely wounded.
The adder's fire resistance burns away.
The adder bites you. x2
* * * LOW HITPOINT WARNING * * *
The adder bites you.
* * * LOW HITPOINT WARNING * * *
Unknown command.
The adder closely misses you.
The adder is no longer more vulnerable to fire.
The adder bites you.
* * * LOW HITPOINT WARNING * * *
The adder bites you.
You die...

...........[....
#..........
###.........
#..........#
#.##......##
####.###.<####
#....# #...
##S#### ##.#
#@.# ..# ##.##
..# #..# .# #>##
###.# ##...#
####..###
#.......#
#.......####.#


You could see an adder.

Vanquished Creatures
  An adder (D:2)
  A dart slug (D:1)
  An endoplasm (D:1)
  A giant cockroach (D:1)
  6 kobolds (D:1)
  2 quokkas
  A frilled lizard (D:2)
13 creatures vanquished.

Vanquished Creatures (others)
  41 foxfires
41 creatures vanquished.

Grand Total: 54 creatures vanquished

Notes
Turn   | Place    | Note
-------+----------+-------------------------------------------
     0 | D:1      | ders the Djinni Fire Elementalist began the quest for the
                  | Orb.
     0 | D:1      | Reached XP level 1. HP: 15/15 MP: 0/0
   307 | D:1      | Reached XP level 2. HP: 18/21 MP: 0/0
   348 | D:1      | Found a faded altar of an unknown god.
  1020 | D:2      | Reached skill level 3 in Spellcasting
  1020 | D:2      | Reached XP level 3. HP: 22/25 MP: 0/0
  1020 | D:2      | Learned a level 1 spell: Sting
  1038 | D:2      | Slain by an adder

Illustrated notes

Levels and vault maps discovered:
D:1:      dpeg_arrival_water_temple_mockup, layout_loops_ring,
          ebering_ecumenical_altar_rust
D:2:      layout_rooms, uniq_crazy_yiuf_cottage

Skill      XL: |  1  2 |
---------------+-------+-----
Spellcasting   | 3 |  3.0
Dodging        | |  2.7
Stealth        | |  1.5

Action                   || total
-------------------------++-------
 Cast: Foxfire           ||    26
       Sting             ||     1
       Scorch            ||     1
Dodge: Dodged            ||     3

Table legend: (Time is in decaauts)
 A = Elapsed time spent in this place.
 B = Non-inter-level travel time spent in this place.
 C = Inter-level travel time spent in this place.
 D = Time resting spent in this place.
 E = Time spent auto-exploring this place.
 F = Levels seen in this place.
 G = Mean time per level.
                   A        B        C        D        E       F      G
               +--------+--------+--------+--------+--------+-----+--------+
         Total |   1036 |    962 |     74 |      0 |    855 |   2 |  518.0 |
       Dungeon |   1036 |    962 |     74 |      0 |    855 |   2 |  518.0 |
               +--------+--------+--------+--------+--------+-----+--------+

Top non-repeatable levels by time:
     D:1: 988 daAuts
     D:2: 47 daAuts
